 Dungeon Crawl Stone Soup version 0.14.0-9-g9c5475a (webtiles) character file.

41304 Qrupt the Basher (level 14, 0/86 HPs)
             Began as a Gargoyle Earth Elementalist on Apr 13, 2014.
             Was a High Priest of Dithmenos.
             Slain by Snorg (14 damage)
             ... on Level 6 of the Lair of Beasts on Apr 14, 2014.
             The game lasted 02:00:11 (22897 turns).

Qrupt the Basher (Gargoyle Earth Elementalist)     Turns: 22897, Time: 02:00:11

HP   0/86        AC 21     Str 16      XL: 14   Next: 11%
MP  10/32        EV 12     Int 20      God: Dithmenos [*****.]
Gold 716         SH 12     Dex 10      Spells:  9 memorised,  9 levels left

rFire  + . .     SeeInvis .     c - +2 whip (freeze)
rCold  + . .     Clarity  +     G - +1 steam dragon armour
rNeg   + . .     Conserve .     z - +2 buckler
rPois  +         rCorr    .     k - +0 hat
rElec  +         rRot     +     (no cloak)
SustAb . .       Spirit   .     a - +1 pair of gloves {Str+3}
rMut   .         Warding  .     w - +0 pair of boots (curse)
Saprov . . .     Stasis   .     O - amulet of clarity
MR     +....                    U - ring of protection from cold
                                i - ring of protection from fire

@: very slightly contaminated, wreathed by umbra, somewhat resistant to hostile
enchantments, quite stealthy
A: able to fly continuously, large and strong wings, life protection 1,
electricity resistance, unbreathing, petrification resistance, AC +9
a: Fly, Shadow Step, Shadow Form, Renounce Religion


You were on level 6 of the Lair of Beasts.
You worshipped Dithmenos.
Dithmenos was extremely pleased with you.
You were very hungry.

You visited 2 branches of the dungeon, and saw 15 of its levels.
You also visited: Volcano.

You collected 716 gold pieces.

Inventory:

Hand weapons
 c - a +2,+2 whip of freezing (weapon)
 A - the +0,+7 dagger of the Tundras {stab, Hunger+ +Fly rC++ Str+1}
   (You took it off a gnoll on level 5 of the Dungeon)

   It inflicts extra damage upon your enemies.
   It affects your strength (+1).
   It greatly protects you from cold.
   It lets you fly.
   It greatly speeds your metabolism.
Missiles
 b - 45 stones (quivered)
Armour
 a - a +1 pair of gloves of strength (worn)
 k - a +0 hat (worn)
 s - a +0 ring mail of fire resistance
 w - a cursed +0 pair of boots (worn)
 z - a +2 buckler (worn)
 G - a +1 steam dragon armour (worn)
 M - a +2 ring mail of magic resistance
Magical devices
 u - a wand of draining (6)
 K - a wand of disintegration (15)
 W - a wand of cold (2)
Comestibles
 f - 2 beef jerkies
 l - 6 bread rations
 B - 2 apples
 C - 4 meat rations
 I - 8 cheeses
Scrolls
 e - a scroll of fear {unknown}
 j - 4 scrolls of amnesia
 m - 4 scrolls of enchant weapon II
 x - 4 scrolls of enchant weapon I
 y - 3 scrolls of magic mapping
 E - a scroll of holy word {unknown}
 J - a scroll of recharging
 N - 6 scrolls of remove curse
 S - a scroll of identify
 T - 5 scrolls of teleportation
Jewellery
 i - a ring of protection from fire (left hand)
 o - an uncursed ring of see invisible
 p - an uncursed ring of invisibility
 q - an uncursed amulet of resist mutation
 t - an uncursed amulet of rage
 O - an amulet of clarity (around neck)
 P - an uncursed amulet of stasis
 Q - the ring of Qeshricu {+Blink +Rage rF- rN+ Int+1}
   (You found it on level 1 of the Lair of Beasts)

   [ring of positive energy]

   It affects your intelligence (+1).
   It makes you vulnerable to fire.
   It lets you blink.
   It lets you go berserk.
 U - a ring of protection from cold (right hand)
Potions
 g - 14 potions of curing
 h - 7 potions of agility
 n - 2 potions of brilliance
 r - 2 potions of berserk rage
 v - 5 potions of haste
 H - 5 potions of heal wounds
 L - a potion of might
 R - a potion of flight {unknown}
 V - 2 potions of poison {unknown}
Books
 d - a book of Geomancy

   Spells                             Type                      Level
   *Sandblast                         Earth                        1
   *Stoneskin                         Transmutation/Earth          2
   *Passwall                          Transmutation/Earth          3
   *Stone Arrow                       Conjuration/Earth            3
   *Petrify                           Transmutation/Earth          4
   *Lee's Rapid Deconstruction        Earth                        5
 D - a book of Necromancy

   Spells                             Type                      Level
   Pain                               Necromancy                   1
   Animate Skeleton                   Necromancy                   1
   Lethal Infusion                    Charms/Necromancy            2
   Vampiric Draining                  Necromancy                   3
   *Regeneration                      Charms/Necromancy            3
   Animate Dead                       Necromancy                   4
   Control Undead                     Necromancy                   4
 F - a book of Party Tricks

   Spells                             Type                      Level
   *Summon Butterflies                Summoning                    1
   Apportation                        Translocation                1
   *Blink                             Translocation                2
   Alistair's Intoxication            Transmutation/Poison         4
   Tukima's Dance                     Hexes                        5


   Skills:
 + Level 9.3 Fighting
 - Level 10.3 Maces & Flails
 - Level 10.1 Armour
 - Level 1.5 Dodging
 - Level 2.1 Stealth
 - Level 5.7 Shields
 - Level 10.2 Spellcasting
 - Level 3.2 Charms
 - Level 0.7 Transmutations
 - Level 10.1 Earth Magic
 - Level 8.0 Evocations


You had 9 spell levels left.
You knew the following spells:

 Your Spells              Type           Power        Failure   Level  Hunger
a - Sandblast             Erth           ######       1%          1    None
b - Stone Arrow           Conj/Erth      ####..       2%          3    None
c - Stoneskin             Trmt/Erth      ####......   1%          2    None
d - Lee's Rapid Deconstr  Erth           ######....   3%          5    ####...
e - Regeneration          Chrm/Necr      ###.......   12%         3    None
f - Petrify               Trmt/Erth      ####....     10%         4    ##.....
g - Passwall              Trmt/Erth      ####......   2%          3    None
h - Blink                 Tloc           N/A          12%         2    None
i - Summon Butterflies    Summ           ##......     10%         1    None


Dungeon Overview and Level Annotations

Branches:
Dungeon (9/15)             Temple (0/1) D:6            Lair (6/8) D:9
 Shoals (0/5) Lair:4        Snake (0/5) Lair:4
    Orc: D:9-12       Slime: Lair:6-8

Altars:
Dithmenos
Elyvilon
Fedhas
Makhleb
Trog
The Shining One

Shops:
D:7 (

Annotations:
D:6 Natasha
D:9 exclusion: ice statue
Lair:6 Snorg


Innate Abilities, Weirdness & Mutations

You are resistant to torment.
You are immune to poison.
You are immune to rotting.
You can fly continuously.
Your stone body is very resilient (AC +9).
Your wings are large and strong.
You resist negative energy.
You are resistant to electric shocks.
You can survive without breathing.
You are immune to petrification.


Message History

Press: ? - help, Shift-Dir - straight line, f/p - Snorg
Aim: Snorg (heavily wounded, berserk, umbra)
The stone arrow hits Snorg.
Snorg is severely wounded.
Snorg bites you! Snorg barely misses you. Snorg claws you!
Casting: Stone Arrow
Confirm with . or Enter, or press ? or * to list all spells.
You miscast Blink.
You are very lightly contaminated with residual magic.
Nothing appears to happen.
Snorg bites you!
* * * LOW HITPOINT WARNING * * *
Snorg claws you.
* * * LOW HITPOINT WARNING * * *
Snorg closely misses you.
Casting: Blink
Confirm with . or Enter, or press ? or * to list all spells.
You miscast Blink.
The world appears momentarily distorted!
Snorg bites you!
You die...

............................##
.............§§........#....#
.P...........§§§§.....[#....##
.............§§§..........f.P#
f###......P.§§§§.......).f..##
f#.....f...§§§.§..........###
...........#.§..........###
...........##§.§T.......###
....P......##..f@##.......##
...........########........#
...........# #.#......##
...........# ##........#
.........### #.......###
#.........# ##.#...P#
.#......### ##....##
......P.P# ##...# .....P..##
#####


You could see Snorg (berserk).

Vanquished Creatures
  3 hydras
  6 death yaks
  An ice statue (Lair:4)
  Pikel (D:4)
  A lindwurm (Lair:3)
  Joseph (Lair:1)
  A griffon (Lair:3)
  A manticore (Lair:4)
  6 elephants
  2 black mambas
  A guardian serpent (Lair:4)
  6 spiny frogs
  A freezing wraith (Lair:4)
  Grinder (D:5)
  3 komodo dragons
  2 polar bears (Lair:4)
  Prince Ribbit (D:5)
  A two-headed ogre (D:8)
  A basilisk (Lair:5)
  3 blink frogs (Lair:2)
  A human (D:8)
  A fire bat (Volcano)
  18 yaks
  6 hippogriffs
  3 hogs
  6 wolves
  A deep elf fighter (Volcano)
  A hell hound (Volcano)
  2 orc warriors
  4 ice beasts
  4 water moccasins
  6 porcupines
  A slave (D:4)
  3 ogres
  A phantom (D:7)
  A black bear (D:9)
  A sky beast (D:9)
  3 lava worms (Lair:3)
  4 centaurs
  Sigmund (D:4)
  A big kobold (D:8)
  11 crocodiles
  6 giant frogs
  8 giant slugs
  2 scorpions
  14 killer bees
  2 goliath beetles
  An electric eel (Lair:3)
  3 crimson imps
  6 orc priests
  A big fish (Lair:3)
  4 hounds
  7 iguanas
  Crazy Yiuf (D:3)
  A jelly (D:5)
  A gnoll shaman (D:6)
  8 orc wizards
  2 sheep (D:8)
  5 worker ants
  Ijyb (D:3)
  A mummy (D:8)
  14 gnolls
  40 green rats
  20 adders
  A scorpion zombie (D:7)
  An inept item mimic (D:4)
  2 white imps (Lair:4)
  3 giant mites
  A shadow imp (D:5)
  3 worms
  An adder skeleton (D:5)
  A giant eyeball (D:5)
  A gnoll skeleton (D:5)
  7 giant geckos
  3 oozes
  36 orcs
  4 ball pythons
  6 giant cockroaches
  13 goblins
  15 hobgoblins
  24 jackals
  10 quokkas
  18 bats
  A giant gecko skeleton (D:6)
  3 giant newts
  2 hobgoblin zombies
  A jackal zombie (D:6)
  22 kobolds
  A kobold skeleton (D:7)
  14 rats
  A rat skeleton (D:6)
  2 fungi (Lair:5)
  A plant (Lair:5)
469 creatures vanquished.

Vanquished Creatures (others)
  An orc warrior (Volcano)
  4 fungi
  A plant (D:9)
6 creatures vanquished.

Grand Total: 475 creatures vanquished

Notes
Turn   | Place    | Note
--------------------------------------------------------------
     0 | D:1      | Qrupt, the Gargoyle Earth Elementalist, began the quest for the Orb.
     0 | D:1      | Reached XP level 1. HP: 10/10 MP: 3/3
   494 | D:1      | Reached skill level 4 in Earth Magic
   550 | D:1      | Reached XP level 2. HP: 9/15 MP: 0/4
  1728 | D:2      | Reached skill level 5 in Earth Magic
  1728 | D:2      | Reached XP level 3. HP: 15/19 MP: 0/6
  2003 | D:2      | Reached XP level 4. HP: 13/24 MP: 7/7
  2139 | D:2      | Learned a level 3 spell: Stone Arrow
  2142 | D:2      | Learned a level 2 spell: Stoneskin
  2326 | D:2      | Found a shadowy altar of Dithmenos.
  2389 | D:2      | Became a worshipper of Dithmenos the Shadowed
  2409 | D:2      | Reached skill level 6 in Earth Magic
  2596 | D:2      | Reached XP level 5. HP: 21/28 MP: 3/9
  2920 | D:2      | Reached skill level 7 in Earth Magic
  3447 | D:3      | Noticed Crazy Yiuf
  3451 | D:3      | Killed Crazy Yiuf
  3451 | D:3      | Reached XP level 6. HP: 32/32 MP: 6/10
  3600 | D:3      | Reached skill level 8 in Earth Magic
  4222 | D:3      | Noticed Ijyb
  4227 | D:3      | Killed Ijyb
  4748 | D:4      | Reached XP level 7. HP: 31/36 MP: 12/15
  4750 | D:4      | Found a bloodstained altar of Trog.
  4845 | D:4      | Noticed Sigmund
  4854 | D:4      | Acquired Dithmenos' first power
  4939 | D:4      | Killed Sigmund
  5037 | D:4      | Reached skill level 5 in Spellcasting
  5449 | D:4      | Reached XP level 8. HP: 41/41 MP: 18/21
  5513 | D:4      | Noticed Pikel
  5520 | D:4      | Killed Pikel
  5623 | D:4      | Reached skill level 1 in Maces & Flails
  6050 | D:5      | Entered Level 5 of the Dungeon
  6301 | D:5      | Found a white marble altar of Elyvilon.
  6548 | D:5      | Noticed Prince Ribbit
  6551 | D:5      | Killed Prince Ribbit
  6551 | D:5      | Reached XP level 9. HP: 39/45 MP: 20/24
  6558 | D:5      | Learned a level 5 spell: Lee's Rapid Deconstruction
  6621 | D:5      | Noticed Grinder
  6639 | D:5      | Killed Grinder
  6752 | D:5      | Paralysed by a giant eyeball for 3 turns
  6757 | D:5      | Acquired Dithmenos' second power
  6995 | D:5      | Got an iridescent dagger
  6996 | D:5      | Identified the +0,+7 dagger of the Tundras {stab, Hunger+ +Fly rC++ Str+1} (You took it off a gnoll on level 5 of the Dungeon)
  7590 | D:6      | Found a staircase to the Ecumenical Temple.
  7611 | D:6      | Noticed Natasha
  7660 | D:6      | Found a blossoming altar of Fedhas.
  7663 | D:6      | Found a burning altar of Makhleb.
  7958 | D:6      | Found a glowing golden altar of the Shining One.
  8037 | D:6      | Found a white marble altar of Elyvilon.
  8159 | D:6      | Reached skill level 9 in Spellcasting
  8218 | D:6      | Acquired Dithmenos' third power
  8578 | D:7      | Reached skill level 1 in Shields
  8728 | D:7      | Found Gruegaem's Weapon Boutique.
  9858 | D:8      | Reached skill level 5 in Shields
  9898 | D:8      | Got a smoking robe
  9907 | D:8      | Identified the cursed +2 robe "Minuupt" {rPois} (You found it on level 8 of the Dungeon)
 10186 | D:8      | Reached skill level 1 in Fighting
 10215 | D:8      | Reached XP level 10. HP: 52/55 MP: 18/27
 10647 | D:8      | Reached skill level 5 in Fighting
 11327 | D:9      | Acquired Dithmenos' fourth power
 11413 | D:9      | Found a staircase to the Lair.
 11900 | D:9      | Learned a level 3 spell: Regeneration
 11913 | D:9      | Noticed an ice statue
 12114 | Lair:1   | Entered Level 1 of the Lair of Beasts
 12114 | Lair:1   | Noticed Joseph
 12121 | Lair:1   | Killed Joseph
 12284 | Lair:1   | Got a flickering lapis lazuli ring
 12287 | Lair:1   | Identified the ring of Qeshricu {+Blink +Rage rF- rN+ Int+1} (You found it on level 1 of the Lair of Beasts)
 12537 | Lair:1   | Reached skill level 10 in Spellcasting
 12537 | Lair:1   | Reached XP level 11. HP: 67/67 MP: 24/29
 12899 | Lair:1   | Reached skill level 10 in Earth Magic
 13307 | Lair:1   | Reached skill level 1 in Charms
 13854 | Lair:1   | Learned a level 4 spell: Petrify
 13870 | Lair:2   | Noticed a four-headed hydra
 13880 | Lair:2   | Killed a four-headed hydra
 13880 | Lair:2   | Reached skill level 5 in Maces & Flails
 14837 | Lair:3   | Found a dark tunnel.
 14838 | Lair:3   | Noticed a lindwurm
 14916 | Lair:3   | Killed a lindwurm
 15134 | Volcano  | Entered a volcano
 15154 | Volcano  | Learned a level 3 spell: Passwall
 16119 | Lair:3   | Noticed an eight-headed hydra
 16300 | Lair:3   | Killed an eight-headed hydra
 16511 | Lair:3   | Reached skill level 1 in Evocations
 17205 | Lair:4   | Found a staircase to the Shoals.
 17232 | Lair:3   | Reached XP level 12. HP: 49/72 MP: 14/30
 17608 | Lair:4   | Reached skill level 5 in Evocations
 19042 | Lair:4   | Found a staircase to the Snake Pit.
 19247 | Lair:4   | Noticed an ice statue
 19432 | Lair:4   | Learned a level 2 spell: Blink
 19434 | Lair:4   | Learned a level 1 spell: Summon Butterflies
 19460 | Lair:4   | Killed an ice statue
 19460 | Lair:4   | Reached skill level 10 in Maces & Flails
 19736 | Lair:4   | Got a pitted leather armour
 19771 | Lair:4   | Identified the +2 leather armour of Plesmoru {MR+} (You found it on level 4 of the Lair of Beasts)
 19956 | Lair:5   | Reached skill level 1 in Armour
 19975 | Lair:5   | Identified a scroll of acquirement
 20948 | Lair:5   | Reached skill level 5 in Armour
 21132 | Lair:6   | Reached XP level 13. HP: 77/77 MP: 31/31
 21505 | Lair:6   | Noticed a death yak
 21515 | Lair:6   | Noticed a death yak
 21517 | Lair:6   | Noticed a death yak
 21533 | Lair:5   | Killed a death yak
 21533 | Lair:5   | Reached skill level 10 in Armour
 21621 | Lair:6   | Noticed a death yak
 21622 | Lair:6   | Noticed a death yak
 21623 | Lair:6   | Noticed a death yak
 21634 | Lair:5   | Killed a death yak
 21798 | Lair:6   | Killed a death yak
 21798 | Lair:6   | Gained mutation: Your wings are large and strong. [gargoyle growth]
 21798 | Lair:6   | Reached XP level 14. HP: 84/84 MP: 16/32
 21896 | Lair:6   | Noticed a six-headed hydra
 21910 | Lair:6   | Killed a six-headed hydra
 22003 | Lair:6   | Noticed Snorg
 22389 | Lair:5   | Killed a death yak
 22534 | Lair:6   | Killed a death yak
 22538 | Lair:6   | Killed a death yak
 22897 | Lair:6   | Slain by Snorg

Action                   |  1- 3 |  4- 6 |  7- 9 | 10-12 | 13-15 || total
-------------------------+-------+-------+-------+-------+-------++-------
Melee: Dagger            |   139 |   278 |    27 |       |       ||   444
       Unarmed           |    17 |       |       |       |       ||    17
       Whip              |       |       |   405 |   561 |    65 ||  1031
       Short sword       |       |       |     7 |       |       ||     7
 Cast: Sandblast         |    26 |    61 |   161 |   123 |       ||   371
       Stone Arrow       |       |       |       |   279 |    74 ||   353
       Regeneration      |       |       |       |     1 |       ||     1
       Stoneskin         |       |       |       |     8 |     1 ||     9
       Lee's Rapid Decon |       |       |       |    15 |       ||    15
       Petrify           |       |       |       |     6 |     5 ||    11
       Passwall          |       |       |       |     1 |       ||     1
       Blink             |       |       |       |     8 |    14 ||    22
 Abil: Evoke Blink       |       |       |       |     3 |       ||     3
Evoke: Wand              |       |       |       |     7 |       ||     7
  Use: Scroll            |     2 |       |     8 |    19 |     2 ||    31
       Potion            |       |       |       |     2 |       ||     2
 Stab: Sleeping          |     2 |     1 |     5 |     3 |       ||    11
       Distracted        |       |       |     1 |       |       ||     1
       Petrifying        |       |       |       |       |     1 ||     1
       Petrified         |       |       |       |       |     1 ||     1
